 Dungeon Crawl Stone Soup version 0.30-a0-166-g5d06c95188 (webtiles) character file.

Game seed: 10105149003124425540

26 Malachi the Changer (level 2, 0/12 HPs)
             Began as a Felid Transmuter on Sept 29, 2022.
             Was a Follower of Wu Jian.
             Slain by a hobgoblin (4 damage)
             ... on level 1 of the Dungeon.
             The game lasted 00:02:14 (1766 turns).

Malachi the Changer (Felid Transmuter)              Turns: 1766, Time: 00:02:14

Health: 0/12       AC:  1    Str:  6    XL:     2   Next: 89%
Magic:  6/6        EV: 17    Int: 14    God:    Wu Jian [*.....]
Gold:   8          SH:  0    Dex: 16    Spells: 4/5 levels left
                                        Lives:  0   Deaths: 0

rFire   . . .      SeeInvis +      - Unarmed
rCold   . . .      Faith    .    (shield unavailable)
rNeg    . . .      Spirit   .    (body armour unavailable)
rPois   .          Reflect  .    (helmet unavailable)
rElec   .          Harm     .    (cloak unavailable)
rCorr   .          Rampage  .    (gloves unavailable)
Will    .....                    (boots unavailable)
Stlth   +.........               (no amulet)
HPRegen 0.04/turn                (no ring)
MPRegen 0.10/turn                (no ring)

@: quick
A: very small, claws 1, fangs 3, see invisible, speed 1, shaggy fur 1, stealthy
paws, no weapons or thrown items, no armour, multi-lived
a: Renounce Religion


You were on level 1 of the Dungeon.
You worshipped Wu Jian.
Wu Jian was aware of your devotion.
You visited 1 branch of the dungeon, and saw 2 of its levels.

You collected 34 gold pieces.
You spent 26 gold pieces at shops.

Inventory:

Scrolls
 b - a scroll of teleportation {unknown}
 d - a scroll of amnesia {unknown}
 e - a scroll of identify
 f - a scroll of noise {unknown}
Potions
 a - a potion of lignification
 c - 4 potions of brilliance {unknown}


   Skills:
 - Level 1.0 Fighting
 - Level 2.6 Dodging
 - Level 3.0 Unarmed Combat
 - Level 2.0 Spellcasting
 * Level 3.8 Transmutations


You had 4 spell levels left.
You knew the following spells:

 Your Spells              Type           Power      Damage    Failure   Level
a - Beastly Appendage     Tmut           24%        N/A       4%          1

Your spell library contained the following spells:

 Spells                   Type           Power      Damage    Failure   Level
 Wereblood                Tmut           12%        N/A       8%          2
 Spider Form              Tmut/Pois      6%         N/A       32%         3
 Dazzling Flash           Conj/Hex       2%         N/A       56%         3
 Ice Form                 Ice/Tmut       6%         N/A       71%         4
 Agony                    Necr           1%         N/A       100%        5
 Silence                  Hex/Air        0%         N/A       100%        5


Dungeon Overview and Level Annotations

Branches:
Dungeon (2/15)

Altars:
Wu Jian

Shops:
D:1 *?!*


Innate Abilities, Weirdness & Mutations

You have sharp claws.
You have razor-sharp teeth.
You have supernaturally acute eyesight. (SInv)
You cover ground quickly. (Speed+)
You are covered in fur. (AC +1)
Your paws help you pounce on unaware monsters.
You are incapable of wielding weapons or throwing items.
You cannot wear armour.
You gain extra lives every three experience levels.


Message History

The endoplasm hits you.
You completely miss the endoplasm. The endoplasm freezes you.
You are frozen.
You scratch the endoplasm.
The endoplasm is almost dead.
The endoplasm hits you.
You scratch the endoplasm. You bite the endoplasm.
You kill the endoplasm!
The Council accepts your kill.
No target in view!
A hobgoblin and a dart slug come into view.
There are monsters nearby!
There are monsters nearby!
There are monsters nearby!
A jackal comes into view.
You barely miss the hobgoblin.
The jackal barks!
The hobgoblin barely misses you.
You barely miss the hobgoblin. You bite the hobgoblin.
The hobgoblin is moderately wounded.
A jackal comes into view.
The hobgoblin barely misses you.
The jackal moves out of view.
You closely miss the hobgoblin.
You bite the hobgoblin, but do no damage.
The hobgoblin is moderately wounded.
The hobgoblin barely misses you.
The jackal barks!
You scratch the hobgoblin.
The hobgoblin is moderately wounded.
The hobgoblin hits you.
You closely miss the hobgoblin.
The hobgoblin is moderately wounded.
The hobgoblin hits you.
You are too injured to fight recklessly!
You are too injured to fight recklessly!
You closely miss the hobgoblin.
The hobgoblin is moderately wounded.
The hobgoblin hits you.
You die...

....#.#.......##.# ##.##
..#(#.#.#......#.. .....
.##.#.#.##.....#.##.....
...⌠#.#⌠.......#.#.....#
#####.#######..#.......#
.....<................w.
#####.#######..#....##..
...⌠#.#⌠..)....#........
.##.#.#.##.....#@....##.
..#.#.#.#......#g#......
....#.#....)..##h#.##...
.............#.#h#.. ##
............#..#.# .#
#####.##########.# #.
#................ ..
##.##############.
.÷.######


You could see 2 jackals and a hobgoblin.

Vanquished Creatures
  A dart slug (D:1)
  3 endoplasms
  2 giant cockroaches (D:1)
  4 goblins (D:1)
  2 hobgoblins (D:1)
  2 kobolds (D:1)
  2 quokkas (D:1)
  A ball python (D:1)
  2 bats (D:1)
19 creatures vanquished.

Notes
Turn   | Place    | Note
-------+----------+-------------------------------------------
     0 | D:1      | Malachi the Felid Transmuter began the quest for the Orb.
     0 | D:1      | Reached XP level 1. HP: 9/9 MP: 4/4
   386 | D:1      | Reached XP level 2. HP: 8/12 MP: 6/6
   610 | D:1      | Found a faded altar of an unknown god.
   624 | D:1      | Prayed at the altar of an unknown god.
   624 | D:1      | Became a worshipper of the Wu Jian Council
   624 | D:1      | Reached * piety under Wu Jian
  1078 | D:1      | Found Doleon's Assorted Antiques.
  1078 | D:1      | Found Vozaor's Magic Scroll Boutique.
  1528 | D:1      | Bought a scroll of identify for 26 gold pieces
  1596 | D:1      | Found Qeunk's Distillery.
  1637 | D:1      | Found Cehi's Assorted Antiques.
  1766 | D:1      | Slain by a hobgoblin

Illustrated notes

Levels and vault maps discovered:
D:1:      matt_arrival_grand_opening, layout_basic,
          dreamdust_ecumenical_altar_hidden_monk_grotto, serial_shops,
          nicolae_square_shop, nicolae_shop_crystal, nicolae_diamond_shop,
          nicolae_square_shop, hangedman_decor_peaks_small, minmay_pentomino_x2
D:2:      layout_loops_ring

Skill      XL: |  1 |
---------------+----+-----
Transmutations | 3 |  3.8
Fighting       | |  1.0
Dodging        | |  2.6
Unarmed Combat | |  3.0
Spellcasting   | |  2.0

Action                   || total
-------------------------++-------
Melee: Unarmed           ||    68
       Bite              ||     8
       Punch             ||     1
 Cast: Beastly Appendage ||     3
Invok: Lunge             ||     3
 Stab: Sleeping          ||     2
Armor: Skin              ||     4
Dodge: Dodged            ||    39

Table legend: (Time is in decaauts)
 A = Elapsed time spent in this place.
 B = Non-inter-level travel time spent in this place.
 C = Inter-level travel time spent in this place.
 D = Time resting spent in this place.
 E = Time spent auto-exploring this place.
 F = Levels seen in this place.
 G = Mean time per level.
                   A        B        C        D        E       F      G
               +--------+--------+--------+--------+--------+-----+--------+
         Total |   1699 |   1699 |      0 |   1174 |    330 |   2 |  849.5 |
       Dungeon |   1699 |   1699 |      0 |   1174 |    330 |   2 |  849.5 |
               +--------+--------+--------+--------+--------+-----+--------+

Top non-repeatable levels by time:
     D:1: 1465 daAuts
     D:2: 234 daAuts
